Map: [ESL] Moondance

Players

ShoWTimE

  • Race: Protoss Protoss
  • Spawn Location: 12:00

Astrea - Winner!

  • Race: Protoss Protoss
  • Spawn Location: 6:00

Event: DreamHack SC2 Masters 2022 Atlanta (Offline)

VOD

Have the link to the VOD?

Description

Time

  • Played on: Nov. 19, 2022, 3 p.m.
  • Length: 16:09

All games in this series

Show
View Real Time Build Order
Export as new Build Order

ShoWTimE Protoss 

Build Orders: Phoenix Opening, Blink Stalkers 

Get SALT Encoding   

  12  0:00  Probe  
  13  0:12  Probe  
  14  0:17  Pylon  
  14  0:24  Probe (Chrono Boost)  
  15  0:36  Probe (Chrono Boost)  
  15  0:37  Gateway  
  16  0:44  Probe (Chrono Boost)  
  16  0:48  Assimilator  
  17  0:51  Probe  
  18  1:03  Probe (Chrono Boost)  
  19  1:04  Assimilator  
  19  1:09  Gateway  
  19  1:13  Probe (Chrono Boost)  
  20  1:18  Probe (Chrono Boost)  
  21  1:25  Cybernetics Core  
  21  1:30  Probe  
  22  1:37  Pylon  
  22  1:42  Probe  
  23  1:56  Probe  
  24  2:01  Warp Gate, Stalker  
  24  2:04  Sentry  
  24  2:08  Probe  
  29  2:13  Pylon  
  29  2:19  Pylon  
  29  2:30  Stalker  
  29  2:32  Sentry  
  33  2:40  Phoenix  
  33  2:49  Nexus  
  33  2:51  Probe  
  34  2:58  Shield Battery  
  34  3:05  Probe  
  35  3:11  Twilight Council  
  35  3:14  Sentry  
  35  3:17  Probe  
  38  3:23  Pylon  
  38  3:29  Probe  
  39  3:41  Probe  
  39  3:44  Blink (Chrono Boost)  
  40  3:50  Stalker  
  40  3:53  Probe  
  40  3:54  Stalker  
  45  4:02  Probe  
  46  4:05  Probe  
  47  4:14  Probe  
  47  4:16  Stalker  
  50  4:18  Probe  
  50  4:22  Stalker  
  49  4:26  Probe  
  49  4:30  Probe  
  47  4:38  Probe  
  45  4:42  Probe, Stalker  
  44  4:46  Stalker  
  44  4:50  Probe  
  47  4:54  Probe  
  47  4:57  Robotics Facility  
  48  5:02  Probe  
  48  5:05  Stalker  
  48  5:06  Probe  
  52  5:11  Stalker  
  54  5:14  Probe  
  54  5:18  Probe, Pylon  
  56  5:22  Assimilator  
  56  5:26  Probe  
  57  5:30  Probe  
  57  5:31  Nexus  
  57  5:34  Pylon  
  58  5:38  Probe  
  58  5:42  Probe  
  60  5:50  Probe  
  60  5:51  Forge  
  60  5:54  Shield Battery, Probe  
  59  6:03  Probe (Chrono Boost)  
  60  6:07  Pylon  
  60  6:08  Protoss Ground Weapons Level 1 (Chrono Boost)  
  60  6:10  Probe (Chrono Boost)  
  61  6:14  Observer  
  61  6:15  Probe (Chrono Boost)  
  61  6:17  Sentry  
  65  6:19  Gateway  
  65  6:20  Probe (Chrono Boost)  
  65  6:21  Gateway, Probe (Chrono Boost)  
  65  6:25  Probe (Chrono Boost)  
  67  6:27  Shield Battery  
  67  6:29  Sentry, Probe  
  67  6:30  Phoenix  
  71  6:36  Probe  
  72  6:41  Probe  
  72  6:42  Pylon  
  72  6:43  Immortal (Chrono Boost)  
  77  6:48  Probe  
  77  6:50  Probe  
  77  6:53  Probe  
  80  6:57  Stalker x2  
  80  7:01  Probe  
  83  7:03  Gateway  
  83  7:06  Gateway  
  83  7:08  Gateway  
  83  7:12  Gateway  
  83  7:21  Charge (Chrono Boost)  
  83  7:28  Pylon  
  83  7:31  Stalker x4  
  83  7:35  Shield Battery  
  83  7:36  Phoenix  
  91  7:37  Shield Battery, Pylon  
  91  7:44  Nexus  
  91  7:49  Shield Battery  
  91  7:57  Probe x2  
  91  7:58  Probe  
  94  7:59  Stalker x3  
  94  8:03  Stalker  
  102  8:09  Stalker x2  
  102  8:10  Protoss Ground Weapons Level 2 (Chrono Boost)  
  106  8:16  Probe x3  
  109  8:25  Pylon  
  104  8:33  Probe  
  96  8:40  Probe x2  
  97  8:42  Photon Cannon  
  97  8:43  Observer (Chrono Boost)  
  97  8:45  Stalker  
  97  8:47  Probe  
  99  8:51  Phoenix  
  99  8:53  Probe x2 (Chrono Boost)  
  99  8:59  Probe (Chrono Boost)  
  95  9:05  Probe (Chrono Boost)  
  95  9:09  Probe (Chrono Boost)  
  96  9:11  Probe x2 (Chrono Boost)  
  96  9:14  Probe (Chrono Boost)  
  96  9:17  Probe (Chrono Boost)  
  98  9:18  Probe (Chrono Boost)  
  98  9:23  Phoenix, Stalker  
  102  9:24  Probe (Chrono Boost)  
  102  9:27  Probe (Chrono Boost)  
  102  9:31  Probe x2 (Chrono Boost)  
  105  9:36  Probe (Chrono Boost)  
  107  9:41  Probe (Chrono Boost)  
  107  9:42  Probe (Chrono Boost)  
  107  9:43  Probe x2 (Chrono Boost)  
  107  9:44  Stalker  
  112  9:46  Probe (Chrono Boost)  
  112  9:49  Probe  
  112  9:50  Probe  
  112  9:52  Probe  
  116  9:55  Stalker x2  
  116  9:57  Probe  
  116  9:59  Stalker  
  123  10:01  Probe  
  123  10:02  Probe  
  123  10:04  Probe  
  123  10:07  Photon Cannon  
  126  10:09  Probe  
  126  10:10  Shield Battery x2  
  126  10:13  Probe  
  128  10:17  Stalker x3  
  128  10:19  Phoenix  
  128  10:20  Pylon  
  134  10:21  Photon Cannon  
  134  10:27  Photon Cannon  
  134  10:28  Stalker  
  134  10:30  Stalker  
  138  10:39  Protoss Ground Armor Level 1 (Chrono Boost)  
  138  10:40  Zealot x5  
  148  10:43  Assimilator  
  148  10:51  Stalker  
  148  10:54  Probe x3  
  148  10:55  Observer, Probe  
  148  10:56  Assimilator  
  154  10:59  Stalker, Assimilator  
  156  11:11  Pylon x2  
  156  11:14  Pylon  
  156  11:16  Pylon  
  156  11:22  Stalker  
  155  11:27  Observer  
  155  11:29  Stalker  
  155  11:30  Stalker x3  
  141  11:40  Stalker x3  
  145  11:53  Nexus  
  129  11:58  Stalker x5  
  139  12:06  Stalker x2  
  143  12:13  Stalker  
  143  12:23  Stalker x3  
  148  12:32  Observer  
  148  12:33  Zealot x4  
  157  12:43  Stalker  
  159  12:49  Zealot x3  
  162  12:55  Probe x3  
  165  13:00  Stalker x3  
  171  13:07  Probe x3  
  171  13:09  Zealot x2  
  164  13:13  Stalker  
  164  13:19  Probe x2, Stalker x2  
  171  13:21  Probe  
  171  13:22  Probe  
  171  13:25  Stalker x3  
  179  13:31  Probe  
  179  13:33  Stalker x2  
  182  13:41  Nexus, Zealot  
  172  13:56  Pylon  
  172  13:58  Zealot x7, Pylon  
  186  14:03  Probe x2  
  188  14:11  Probe x2  
  188  14:13  Observer  
  188  14:18  Stalker x6  
  200  14:25  Photon Cannon  
  199  14:37  Zealot x2  
  162  15:02  Observer  
  162  15:03  Stalker x2  
  162  15:04  Stalker x6  
  151  15:27  Nexus  
  148  15:28  Stalker x8  
  121  15:54  Pylon  
Show
View Real Time Build Order
Export as new Build Order

Astrea Protoss - Winner!

Build Orders: Phoenix Opening 

Get SALT Encoding   

  12  0:00  Probe  
  13  0:12  Probe  
  14  0:17  Pylon  
  14  0:24  Probe (Chrono Boost)  
  15  0:36  Gateway, Probe (Chrono Boost)  
  16  0:44  Probe (Chrono Boost)  
  16  0:46  Assimilator  
  17  0:51  Probe  
  17  0:54  Assimilator  
  18  1:03  Probe (Chrono Boost)  
  20  1:12  Gateway, Probe (Chrono Boost)  
  20  1:17  Probe (Chrono Boost)  
  20  1:24  Cybernetics Core  
  21  1:29  Probe  
  22  1:35  Pylon  
  22  1:41  Probe  
  23  1:53  Probe  
  24  1:58  Warp Gate (Chrono Boost)  
  24  2:00  Stalker  
  26  2:05  Probe  
  29  2:10  Sentry  
  29  2:12  Pylon  
  29  2:26  Pylon  
  29  2:31  Sentry  
  31  2:37  Stalker  
  33  2:44  Nexus, Phoenix  
  33  2:49  Probe  
  34  2:54  Pylon  
  34  3:01  Stalker  
  34  3:04  Probe  
  37  3:08  Sentry (Chrono Boost)  
  39  3:16  Probe  
  40  3:28  Probe  
  41  3:40  Probe, Stalker x2  
  46  3:53  Probe  
  47  3:56  Probe  
  47  3:59  Stalker  
  47  4:02  Stalker  
  52  4:05  Probe  
  52  4:06  Robotics Facility  
  52  4:08  Probe  
  54  4:17  Probe  
  54  4:20  Probe  
  52  4:29  Probe, Stalker  
  51  4:33  Probe  
  51  4:35  Stalker  
  52  4:41  Probe  
  52  4:45  Probe  
  46  4:53  Nexus  
  46  4:54  Probe  
  46  4:57  Probe  
  46  4:58  Observer (Chrono Boost)  
  49  5:06  Adept x2, Shield Battery, Probe  
  54  5:08  Observer  
  54  5:09  Probe  
  54  5:11  Immortal (Chrono Boost)  
  55  5:17  Pylon  
  55  5:21  Assimilator  
  59  5:22  Probe  
  59  5:27  Pylon  
  60  5:33  Assimilator  
  60  5:35  Probe x2  
  62  5:45  Immortal  
  62  5:47  Probe x2  
  66  6:00  Probe (Chrono Boost)  
  66  6:01  Probe (Chrono Boost)  
  66  6:04  Forge  
  64  6:05  Twilight Council  
  64  6:06  Probe (Chrono Boost)  
  67  6:12  Probe (Chrono Boost)  
  67  6:13  Probe (Chrono Boost)  
  67  6:15  Probe (Chrono Boost)  
  67  6:17  Probe (Chrono Boost)  
  67  6:18  Probe (Chrono Boost)  
  69  6:19  Gateway x2  
  69  6:20  Protoss Ground Weapons Level 1 (Chrono Boost)  
  69  6:22  Gateway, Probe  
  69  6:23  Gateway  
  72  6:25  Observer  
  72  6:28  Probe  
  72  6:29  Observer  
  72  6:30  Probe  
  74  6:34  Probe  
  74  6:39  Charge (Chrono Boost), Pylon  
  75  6:43  Dark Shrine  
  75  6:48  Stalker x2  
  79  7:06  Pylon  
  79  7:08  Probe  
  84  7:09  Assimilator  
  84  7:10  Nexus, Probe  
  84  7:14  Pylon  
  85  7:17  Warp Prism  
  83  7:23  Probe, Pylon  
  83  7:27  Zealot x5  
  83  7:29  Probe  
  95  7:32  Zealot  
  95  7:34  Probe  
  98  7:37  Pylon  
  98  7:40  Probe  
  98  7:41  Shield Battery, Probe  
  98  7:42  Pylon  
  100  7:47  Probe  
  101  7:51  Shield Battery  
  101  7:53  Pylon  
  101  7:56  Dark Templar  
  101  7:57  Dark Templar  
  105  7:59  Probe  
  105  8:02  Dark Templar  
  108  8:08  Probe x2  
  108  8:11  Photon Cannon  
  110  8:14  Dark Templar x3  
  110  8:16  Probe  
  117  8:23  Immortal  
  117  8:26  Blink  
  121  8:27  Probe  
  121  8:30  Photon Cannon  
  121  8:31  Photon Cannon  
  121  8:32  Shield Battery, Probe  
  120  8:37  Protoss Ground Weapons Level 2 (Chrono Boost)  
  120  8:40  Probe  
  121  8:42  Probe  
  121  8:44  Zealot x3  
  128  8:54  Probe  
  127  9:03  Probe  
  127  9:06  Probe  
  127  9:08  Probe x2  
  127  9:10  Assimilator x2  
  127  9:14  Robotics Bay  
  127  9:15  Shadow Stride (Chrono Boost)  
  127  9:16  Robotics Facility  
  125  9:19  Stalker x6  
  137  9:36  Nexus  
  137  9:37  Pylon  
  137  9:51  Probe x3  
  140  9:54  Dark Templar x4, Pylon  
  140  9:55  Dark Templar x2  
  140  9:58  Disruptor (Chrono Boost)  
  152  10:05  Pylon  
  155  10:09  Pylon  
  155  10:10  Disruptor (Chrono Boost)  
  155  10:12  Gateway  
  155  10:13  Gateway  
  155  10:14  Photon Cannon  
  158  10:15  Shield Battery  
  158  10:16  Pylon  
  158  10:17  Photon Cannon  
  158  10:23  Disruptor (Chrono Boost), Probe  
  158  10:24  Probe x3  
  158  10:28  Observer, Dark Templar  
  165  10:30  Zealot x3  
  173  10:36  Zealot x2  
  173  10:37  Disruptor (Chrono Boost), Probe  
  173  10:38  Probe  
  173  10:42  Photon Cannon x2  
  182  10:44  Photon Cannon  
  182  10:52  Protoss Ground Weapons Level 3 (Chrono Boost)  
  185  10:58  Stalker x2  
  185  11:00  Disruptor (Chrono Boost)  
  185  11:01  Pylon  
  187  11:07  Disruptor  
  187  11:10  Nexus  
  190  11:24  Stalker x8  
  183  11:36  Disruptor  
  183  11:37  Observer  
  165  11:49  Stalker x3  
  165  11:50  Stalker x5  
  163  12:00  Disruptor  
  166  12:08  Probe x5  
  171  12:10  Photon Cannon  
  171  12:11  Photon Cannon  
  171  12:13  Shield Battery  
  171  12:14  Dark Templar x2  
  171  12:15  Zealot x6  
  185  12:19  Gravitic Drive (Chrono Boost)  
  185  12:20  Probe, Pylon  
  184  12:23  Disruptor  
  185  12:31  Gateway  
  185  12:33  Gateway, Assimilator  
  185  12:34  Gateway, Assimilator  
  185  12:36  Gateway  
  185  12:40  Dark Templar x2  
  185  12:41  Zealot x4  
  193  13:05  Observer  
  188  13:18  Zealot x8  
  200  13:22  Disruptor  
  195  13:28  Disruptor  
  198  13:39  Stargate  
  188  13:44  Protoss Air Weapons Level 1 (Chrono Boost)  
  186  13:56  Dark Templar x3  
  186  13:57  Dark Templar x4  
  186  14:02  Protoss Shields Level 1 (Chrono Boost), Assimilator  
  198  14:05  Assimilator  
  198  14:07  Photon Cannon  
  198  14:09  Photon Cannon x2  
  198  14:10  Zealot  
  198  14:11  Photon Cannon  
  198  14:12  Photon Cannon  
  198  14:16  Pylon  
  196  14:28  Zealot x2  
  190  14:39  Stalker  
  190  14:40  Stalker x7  
  188  14:58  Disruptor  
  180  15:03  Stalker x12  
  192  15:14  Observer  
  188  15:26  Disruptor  
  191  15:30  Pylon  
  192  15:35  Observer  
  180  15:51  Nexus  
  180  15:53  Stalker x2  
  180  15:54  Stalker x10  
  194  15:59  Pylon  
  194  16:02  Pylon  
Tags
 
Add a new tag
Caveats
  • Supply blocks, unpowered buildings, or Contaminate may cause inaccurate times.
  • Supply counts are checked every 10 seconds.